 Dungeon Sprint DCSS version 0.27-a0-203-gd48b2df3c9 (webtiles) character file.

Game seed: 8053244551832147501

3683 mhtbhm the Severer (level 9, -4/92 HPs)
             Began as a Minotaur Fighter on Jan 30, 2021.
             Was a High Priest of Okawaru.
             Slain by a fire giant
             ... wielding a +0 great sword of flaming
              (6 damage)
             ... in the Dungeon (Sprint VII: "The Pits").
             The game lasted 00:03:39 (1177 turns).

mhtbhm the Severer (Minotaur Fighter)               Turns: 1177, Time: 00:03:40

Health: -4/92      AC: 16    Str: 27    XL:     9   Next: 90%
Magic:  8/8        EV: 11    Int:  5    God:    Okawaru [*****.]
Gold:   0          SH: 14    Dex: 10    Spells: 8/8 levels left

rFire    . . .     SeeInvis .   a - +1 broad axe (drain)
rCold    . . .     Faith    .   c - +0 kite shield
rNeg     . . .     Spirit   .   b - +4 chain mail
rPois    .         Reflect  .   (helmet restricted)
rElec    .         Harm     .   o - +0 cloak
rCorr    .         Rampage  .   (no gloves)
Will     .....     NoTele   +   (no boots)
Stlth    ..........             (no amulet)
HPRegen  0.25/turn              p - +3 ring of strength
MPRegen  0.11/turn              q - +3 ring of protection

@: corroded
A: retaliatory headbutt, horns 2
a: Renounce Religion, Heroism, Finesse


You were in the Dungeon.
You worshipped Okawaru.
Okawaru was extremely pleased with you.
You visited 1 branch

Inventory:

Hand Weapons
 a - a +1 broad axe of draining (weapon)
Armour
 b - a +4 chain mail (worn)
 c - a +0 kite shield (worn)
 o - a +0 cloak (worn)
Jewellery
 p - a +3 ring of strength (left hand)
 q - a +3 ring of protection (right hand)
Scrolls
 j - a scroll of blinking
 l - 3 scrolls of remove curse
 m - 5 scrolls of amnesia
 n - a scroll of summoning
Potions
 d - a potion of might
 e - 6 potions of curing
 f - 10 potions of heal wounds
 g - 3 potions of haste
 h - 4 potions of magic
 i - 3 potions of berserk rage
 k - 2 potions of invisibility
 r - a potion of resistance


   Skills:
 + Level 12.7 Fighting
 + Level 15.0 Axes
 + Level 12.1 Armour
 + Level 5.3 Dodging
 + Level 0.6 Stealth
 + Level 13.8 Shields


You had 8 spell levels left.
You didn't know any spells.
Your spell library was empty.

Dungeon Overview and Level Annotations

Branches:
Dungeon (1/1)

Altars:
Ashenzari
Cheibriados
Dithmenos
Elyvilon
Fedhas
Gozag
Hepliaklqana
Kikubaaqudgha
Makhleb
Nemelex Xobeh
Okawaru
Qazlal
Ru
Sif Muna
Trog
Uskayaw
Vehumet
Wu Jian
Xom
Yredelemnul
Zin
The Shining One
Beogh
Jiyva
Lugonu


Innate Abilities, Weirdness & Mutations

You reflexively headbutt those who attack you in melee.
You have a pair of horns on your head.


Message History

Ouch! That really hurt!
* * * LOW HITPOINT WARNING * * *
Unknown command.
Okay, then.
Blink to where?
Press: ? - help, Dir - move target
Okay, then.
Unknown command.
You feel much better. The acid dragon closely misses you.
You block the acid dragon's attack.
The fire giant hits you with a +0 great sword of flaming!
The fire giant burns you.
You feel much better. The acid dragon spits acid at you.
The splash of acid hits you!
You are splashed with acid!
* * * LOW HITPOINT WARNING * * *
The fire giant hits you with a +0 great sword of flaming!
* * * LOW HITPOINT WARNING * * *
The fire giant burns you.
You die...

#++##########
#.....C......
#....@D......
#..##########
#..# #..# ###
#..# ..# #.)#
..# #..# ..#
#..#
..##########.)#


You could see a fire giant and an acid dragon (catching breath).

Vanquished Creatures
  A deep elf high priest (D)
  A hellwing (D)
  A polar bear (D)
  6 dream sheep (D)
  A floating eye (D)
  An orc warrior (D)
  An ice beast (D)
  A phantom (D)
  A sky beast (D)
  6 killer bees (D)
  6 wights (D)
  A quasit (D)
  A hound (D)
  Crazy Yiuf (D)
  An iron imp (D)
  A river rat (D)
  An ufetubus (D)
  An orc (D)
  A bat zombie (D)
  2 giant cockroaches (D)
  3 goblins (D)
  4 jackals (D)
  A quokka (D)
  A kobold (D)
45 creatures vanquished.

Vanquished Creatures (others)
  A wizard (D)
1 creature vanquished.

Grand Total: 46 creatures vanquished

Notes
Turn   | Place    | Note
-------+----------+-------------------------------------------
     0 | D        | mhtbhm the Minotaur Fighter began the quest for the Orb.
     0 | D        | Reached XP level 1. HP: 19/19 MP: 0/0
    17 | D        | Found a bloodstained altar of Trog.
    17 | D        | Found a shimmering blue altar of Sif Muna.
    17 | D        | Found a viscous altar of Jiyva.
    17 | D        | Found a hazy altar of Hepliaklqana.
    17 | D        | Found an opulent altar of Gozag.
    18 | D        | Found a glowing golden altar of the Shining One.
    18 | D        | Found a glowing silver altar of Zin.
    18 | D        | Found a basalt altar of Yredelemnul.
    18 | D        | Found a shimmering altar of Xom.
    18 | D        | Found an ornate altar of the Wu Jian Council.
    18 | D        | Found a sacrificial altar of Ru.
    18 | D        | Found a stormy altar of Qazlal.
    18 | D        | Found an iron altar of Okawaru.
    18 | D        | Found a sparkling altar of Nemelex Xobeh.
    18 | D        | Found a burning altar of Makhleb.
    18 | D        | Found a blossoming altar of Fedhas.
    18 | D        | Found a white marble altar of Elyvilon.
    18 | D        | Found a shadowy altar of Dithmenos.
    18 | D        | Found a snail-covered altar of Cheibriados.
    20 | D        | Found a radiant altar of Vehumet.
    20 | D        | Found a corrupted altar of Lugonu.
    20 | D        | Found a roughly hewn altar of Beogh.
    21 | D        | Found a hide-covered altar of Uskayaw.
    21 | D        | Found an ancient bone altar of Kikubaaqudgha.
    21 | D        | Found a broken altar of Ashenzari.
    28 | D        | Became a worshipper of Warmaster Okawaru
    67 | D        | Noticed a floating eye
    68 | D        | Paralysed by a floating eye for 2 turns
    71 | D        | Killed a floating eye
    72 | D        | Reached skill level 4 in Axes
    72 | D        | Reached XP level 2. HP: 31/31 MP: 1/1
    72 | D        | Reached XP level 3. HP: 38/38 MP: 2/2
    72 | D        | Reached XP level 4. HP: 45/45 MP: 3/3
    88 | D        | Noticed an ice beast
    93 | D        | Reached * piety under Okawaru
   107 | D        | Killed an ice beast
   108 | D        | Reached skill level 6 in Axes
   108 | D        | Reached XP level 5. HP: 27/53 MP: 4/4
   325 | D        | Noticed a sky beast
   337 | D        | Reached skill level 1 in Dodging
   337 | D        | Reached XP level 6. HP: 62/62 MP: 5/5
   344 | D        | Reached skill level 7 in Axes
   350 | D        | Killed a sky beast
   350 | D        | Reached ** piety under Okawaru
   351 | D        | Reached skill level 8 in Axes
   396 | D        | Reached skill level 9 in Axes
   396 | D        | Reached skill level 10 in Shields
   396 | D        | Reached XP level 7. HP: 53/71 MP: 6/6
   489 | D        | Noticed Crazy Yiuf
   505 | D        | Reached skill level 10 in Fighting
   510 | D        | Killed Crazy Yiuf
   511 | D        | Reached skill level 10 in Axes
   515 | D        | Reached skill level 10 in Armour
   672 | D        | Noticed a dream sheep
   672 | D        | Noticed a dream sheep
   672 | D        | Noticed a dream sheep
   672 | D        | Noticed a dream sheep
   674 | D        | Noticed a dream sheep
   682 | D        | Killed a dream sheep
   682 | D        | Reached *** piety under Okawaru
   688 | D        | Killed a dream sheep
   689 | D        | Reached skill level 11 in Axes
   689 | D        | Reached XP level 8. HP: 35/81 MP: 7/7
   705 | D        | Killed a dream sheep
   717 | D        | Killed a dream sheep
   718 | D        | Reached skill level 12 in Axes
   719 | D        | Killed a dream sheep
   719 | D        | Reached **** piety under Okawaru
   735 | D        | Reached skill level 13 in Axes
   749 | D        | Reached XP level 9. HP: 19/89 MP: 8/8
   759 | D        | HP: 4/89 [dream sheep (9)]
  1127 | D        | Noticed a polar bear
  1136 | D        | Killed a polar bear
  1145 | D        | Noticed a hellwing
  1145 | D        | Noticed a deep elf high priest
  1145 | D        | Noticed a wizard
  1152 | D        | Killed a deep elf high priest
  1152 | D        | Reached ***** piety under Okawaru
  1153 | D        | Reached skill level 14 in Axes
  1153 | D        | Reached skill level 5 in Dodging
  1156 | D        | Killed a hellwing
  1165 | D        | Killed a wizard
  1166 | D        | Reached skill level 15 in Axes
  1171 | D        | Noticed a fire giant
  1177 | D        | HP: 2/92 [fire giant/+0 great sword of flaming (16)]
  1177 | D        | Slain by a fire giant

Illustrated notes

Levels and vault maps discovered:
D:        pitsprint [storerooms_1, entrance_room_1, metal_vault_5, armoury_2,
          mini_pit_1, grid_room_1, main_hall_1, silver_pit, the_coven_1,
          the_vestibule_1, steel_vault_2, golden_pit, hallway_of_sentries,
          crystal_vault_4, iron_vault_1, final_vault]

Skill      XL: |  1  2  3  4  5  6  7  8  9 |
---------------+----------------------------+-----
Fighting       | 6 8 9 10 11 12 | 12.7
Axes           | 4 6 9 11 13 15 | 15.0
Armour         | 6 8 9 10 11 12 | 12.1
Shields        | 6 8 10 11 12 13 | 13.8
Dodging        | 1 2 3 4 5 |  5.3
Stealth        | |  0.6

Action                   |  1- 3 |  4- 6 |  7- 9 || total
-------------------------+-------+-------+-------++-------
Melee: Hand axe          |     2 |    76 |   102 ||   180
       War axe           |     1 |       |       ||     1
       Headbutt          |       |     8 |    27 ||    35
       Broad axe         |       |       |    17 ||    17
  Use: Potion            |       |       |     5 ||     5
Armor: Scale mail        |       |    20 |    25 ||    45
       Chain mail        |       |       |    13 ||    13
Dodge: Dodged            |     1 |    17 |    42 ||    60
Block: Kite shield       |       |    30 |    66 ||    96

Table legend: (Time is in decaauts)
 A = Elapsed time spent in this place.
 B = Non-inter-level travel time spent in this place.
 C = Inter-level travel time spent in this place.
 D = Time resting spent in this place.
 E = Time spent auto-exploring this place.
 F = Levels seen in this place.
 G = Mean time per level.
                   A        B        C        D        E       F      G
               +--------+--------+--------+--------+--------+-----+--------+
         Total |   1166 |   1122 |     44 |    586 |      0 |   1 | 1166.0 |
       Dungeon |   1166 |   1122 |     44 |    586 |      0 |   1 | 1166.0 |
               +--------+--------+--------+--------+--------+-----+--------+

Top non-repeatable levels by time:
       D: 1166 daAuts
